 Dungeon Crawl Stone Soup version 0.24-a0-307-gf989941 (webtiles) character file.

Game seed: 2209468248571752455

410 galech the Chopper (level 6, -8/48 HPs)
             Began as a Demonspawn Fighter on May 13, 2019.
             Killed by divine providence
             ... invoked by an orc priest
              (15 damage)
             ... on level 4 of the Dungeon.
             The game lasted 00:03:24 (2951 turns).

galech the Chopper (Demonspawn Fighter)             Turns: 2951, Time: 00:03:24

Health: -8/48      AC:  7    Str: 16    XL:     6   Next: 58%
Magic:  6/6        EV:  7    Int:  9    God:
Gold:   115        SH:  9    Dex: 15    Spells: 5/5 levels left

rFire    . . .     SeeInvis .   a - +0 war axe
rCold    . . .     Gourm    .   c - +0 shield
rNeg     . . .     Faith    .   b - +0 scale mail
rPois    .         Spirit   .   (helmet restricted)
rElec    .         Reflect  .   (no cloak)
rCorr    .         Harm     .   (no gloves)
MR       .....                  (no boots)
Stlth    ..........             (no amulet)
HPRegen  0.16/turn              (no ring)
MPRegen  0.10/turn              (no ring)

@: no status effects
A: horns 1, talons 2, powered by death 2
a: no special abilities


You were on level 4 of the Dungeon.
You were not hungry.

You visited 1 branch of the dungeon, and saw 4 of its levels.

You collected 115 gold pieces.

Inventory:

Hand Weapons
 a - a +0 war axe (weapon)
Armour
 b - a +0 scale mail (worn)
 c - a +0 shield (worn)
Scrolls
 e - 7 scrolls of identify {unknown}
 h - a scroll of remove curse {unknown}
 i - a scroll of immolation {unknown}
 j - 2 scrolls of enchant weapon {unknown}
 k - a scroll of magic mapping {unknown}
 l - a scroll of enchant armour {unknown}
 m - a scroll of blinking {unknown}
 q - 2 scrolls of fear {unknown}
 s - a scroll of random uselessness {unknown}
Potions
 d - a potion of might
 n - 2 potions of curing {unknown}
 o - a potion of heal wounds {unknown}
 p - a potion of agility {unknown}
 r - a potion of brilliance {unknown}
Comestibles
 f - 4 rations
 g - 10 chunks of flesh


   Skills:
 + Level 3.9 Fighting
 + Level 4.5 Axes
 + Level 3.7 Armour
 + Level 0.7 Dodging
 + Level 3.8 Shields


You had 5 spell levels left.
You didn't know any spells.
Your spell library was empty.

Dungeon Overview and Level Annotations

Branches:
Dungeon (4/15)
 Temple: D:4-7

Altars:


Innate Abilities, Weirdness & Mutations

You have a pair of small horns on your head.
You have razor-sharp toenails.
You regenerate health from kills.


Message History

You closely miss the orc wizard.
The orc wizard is severely wounded.
You block the orc wizard's attack.
The orc wizard hits you with a +0 dagger.
The orc priest calls down the wrath of Beogh upon you.
Beogh smites you!
* * * LOW HITPOINT WARNING * * *
Your shield prevents you from hitting the orc wizard.
Your kick misses the orc wizard.
The orc wizard is severely wounded.
The orc wizard mumbles some strange words.
The orc wizard blinks!
The orc priest calls upon Beogh to heal the orc wizard.
The orc wizard is healed somewhat.
You block the orc priest's attack.
You hit the orc priest.
You headbutt the orc priest, but do no damage.
The orc priest is moderately wounded.
The orc priest mumbles some strange prayers to Beogh against you.
Beogh smites you!
You die...

### ..# #.# #.# #.#
#.# ######## ..#
#..รท...#########
..### #.####.#..@ooo.#
....###.####.#.#####.#
..........##.#.####
....###.#.........#
..### #.####.#.##.#
..# #.. ...#... .. ###
###########.### .. ###
##


You could see 2 orc priests and an orc wizard.

Vanquished Creatures
  A centaur (D:2)
  Terence (D:2)
  A centaur skeleton (D:4)
  An orc wizard (D:3)
  Natasha (thrice) (D:2)
  4 adders
  A gnoll (D:1)
  An adder skeleton (D:2)
  2 worms
  5 dart slugs
  3 leopard geckos
  3 orcs (D:3)
  A ball python (D:2)
  3 giant cockroaches
  13 goblins
  14 hobgoblins
  7 jackals (D:4)
  13 kobolds
  2 quokkas (D:2)
  12 bats
  7 frilled lizards
  4 rats
102 creatures vanquished.

Vanquished Creatures (others)
  An orc wizard (D:3)
1 creature vanquished.

Grand Total: 103 creatures vanquished

Notes
Turn   | Place    | Note
-------+----------+-------------------------------------------
     0 | D:1      | galech the Demonspawn Fighter began the quest for the Orb.
     0 | D:1      | Reached XP level 1. HP: 18/18 MP: 1/1
    94 | D:1      | Gained mutation: You have sharp toenails. [demonic
                  | ancestry]
    94 | D:1      | Reached XP level 2. HP: 18/24 MP: 2/2
   262 | D:1      | Reached skill level 2 in Axes
   388 | D:1      | Gained mutation: You regenerate a little health from kills.
                  | [demonic ancestry]
   388 | D:1      | Reached XP level 3. HP: 29/29 MP: 3/3
  1021 | D:2      | Noticed a centaur
  1027 | D:2      | Killed a centaur
  1027 | D:2      | Reached skill level 3 in Axes
  1027 | D:2      | Gained mutation: You have razor-sharp toenails. [demonic
                  | ancestry]
  1027 | D:2      | Reached XP level 4. HP: 28/36 MP: 4/4
  1027 | D:2      | Gained mutation: You regenerate health from kills. [demonic
                  | ancestry]
  1027 | D:2      | Reached XP level 5. HP: 32/41 MP: 5/5
  1476 | D:2      | Noticed Terence
  1481 | D:2      | Killed Terence
  1634 | D:3      | Noticed Natasha
  1845 | D:2      | Killed Natasha
  1981 | D:2      | Noticed Natasha
  1988 | D:2      | Killed Natasha
  2100 | D:2      | Noticed Natasha
  2108 | D:2      | Killed Natasha
  2108 | D:2      | Reached skill level 4 in Axes
  2108 | D:2      | Gained mutation: You have a pair of small horns on your
                  | head. [demonic ancestry]
  2108 | D:2      | Reached XP level 6. HP: 13/48 MP: 6/6
  2856 | D:4      | Got a shimmering robe
  2885 | D:4      | Identified the +1 robe of the Fiddle {Int+5} (You found it
                  | on level 4 of the Dungeon)
  2951 | D:4      | Killed from afar by an orc priest

Levels and vault maps discovered:
D:1:      shiori_arrival_maze, layout_basic
D:2:      layout_loops_cross, uniq_terence
D:3:      layout_basic, first_ration, nrook_mini_backslash,
          palyth_stone_intersect, uniq_natasha
D:4:      layout_loops_cross, lemuel_round_altar, serial_shops,
          nicolae_shop_waterfront, uniq_edmund

Skill      XL: |  1  2  3  4  5 |
---------------+----------------+-----
Axes           | 2 3 4 |  4.5
Shields        | 3 |  3.8
Armour         | 3 |  3.7
Fighting       | |  3.9
Dodging        | |  0.7

Action                   |  1- 3 |  4- 6 || total
-------------------------+-------+-------++-------
Melee: War axe           |    91 |   156 ||   247
       Kick              |    20 |    32 ||    52
       Headbutt          |       |     5 ||     5
  Eat: Chunk             |     1 |     6 ||     7
Armor: Scale mail        |    37 |    94 ||   131
Dodge: Dodged            |    25 |    51 ||    76
Block: Shield            |    54 |    90 ||   144

Table legend:
 A = Non-vault XP
 B = Vault XP
 C = Vault XP percentage of total XP
 D = Non-vault monster count
 E = Vault monster count
 F = Vault count percentage of total count
                 A         B        C        D         E       F
            +---------+---------+-------+---------+---------+-------
      Total |     514 |      72 |  12.3 |      99 |       4 |   3.9
            +---------+---------+-------+---------+---------+-------
        D:1 |      56 |       4 |   6.7 |      22 |       2 |   8.3
        D:2 |     251 |      68 |  21.3 |      36 |       2 |   5.3
        D:3 |     143 |       0 |   0.0 |      31 |       0 |   0.0
        D:4 |      64 |       0 |   0.0 |      10 |       0 |   0.0
            +---------+---------+-------+---------+---------+-------
